 Dungeon Crawl Stone Soup version 0.24.0-123-gd5b16e6ec5 (webtiles) character file.

Game seed: 14553551325833749158, levelgen mode: deterministic

1120 Mrkan the Chopper (level 8, -3/73 HPs)
             Began as a Deep Dwarf Fighter on Dec 17, 2019.
             Was an Initiate of Elyvilon.
             Slain by a hornet zombie (6 damage)
             ... on level 5 of the Dungeon.
             The game lasted 00:07:17 (4118 turns).

Mrkan the Chopper (Deep Dwarf Fighter)              Turns: 4118, Time: 00:07:18

Health: -3/73      AC: 11    Str: 23    XL:     8   Next: 12%
Magic:  8/8        EV:  8    Int:  8    God:    Elyvilon [......]
Gold:   165        SH: 10    Dex: 12    Spells: 7/7 levels left

rFire    . . .     SeeInvis .   a - +0 war axe
rCold    . . .     Gourm    .   c - +0 shield
rNeg     . . .     Faith    .   b - +0 scale mail
rPois    .         Spirit   .   (no helmet)
rElec    .         Reflect  .   y - +0 cloak
rCorr    .         Harm     .   i - +0 pair of gloves (curse)
MR       +....                  A - +0 pair of boots {Fly}
Stlth    ..........             (no amulet)
HPRegen  0.00/turn              (no ring)
MPRegen  0.11/turn              (no ring)

@: flying, non-regenerating
A: damage resistance, heal wounds, sense surroundings 1, no regeneration
a: Heal Wounds, Renounce Religion, Stop Flying


You were on level 5 of the Dungeon.
You worshipped Elyvilon.
Elyvilon was noncommittal.
You were not hungry.

You visited 2 branches of the dungeon, and saw 6 of its levels.

You collected 165 gold pieces.

Inventory:

Hand Weapons
 a - a +0 war axe (weapon)
Missiles
 j - 2 throwing nets (quivered)
Armour
 b - a +0 scale mail (worn)
 c - a +0 shield (worn)
 i - a cursed +0 pair of gloves (worn)
 y - a +0 cloak (worn)
 A - a +0 pair of boots of flying (worn)
 E - a scarf of repulsion
Scrolls
 g - 2 scrolls of amnesia {unknown}
 h - 2 scrolls of teleportation {unknown}
 k - 3 scrolls of fear {unknown}
 m - a scroll of blinking {unknown}
 p - a scroll of magic mapping {unknown}
 s - 5 scrolls of identify {unknown}
 v - a scroll of immolation {unknown}
 x - 3 scrolls of fog {unknown}
 B - a scroll of noise {unknown}
 C - a scroll of enchant weapon {unknown}
Potions
 d - 3 potions of might
 e - 3 potions of curing {unknown}
 l - 4 potions of haste {unknown}
 n - 2 potions of flight {unknown}
 o - a potion of resistance {unknown}
 q - 2 potions of magic {unknown}
 r - a potion of heal wounds {unknown}
 t - a potion of brilliance {unknown}
 u - a potion of lignification {unknown}
 w - 2 potions of cancellation {unknown}
 z - 3 potions of mutation {unknown}
Comestibles
 f - 7 rations


   Skills:
 + Level 4.6 Fighting
 * Level 6.8 Axes
 - Level 5.0 Armour
 + Level 5.5 Shields
 * Level 3.8 Invocations


You had 7 spell levels left.
You didn't know any spells.
Your spell library was empty.

Dungeon Overview and Level Annotations

Branches:
Dungeon (5/15)             Temple (1/1) D:5

Altars:
Cheibriados
Dithmenos
Elyvilon
Hepliaklqana
Makhleb
Qazlal
Vehumet
Wu Jian
Xom
Zin
The Shining One

Annotations:
D:3 4 runed translucent doors, Crazy Yiuf; bananovenc's ghost, amateur GrFi


Innate Abilities, Weirdness & Mutations

You are resistant to damage.
You can heal yourself by infusing magical energy.
You passively map a small area around you.
You do not regenerate.


Message History

You block the quokka's attack.
You slash the quokka!
You kill the quokka!
You barely miss the hornet zombie. You block the hornet zombie's attack.
You block the hornet zombie's attack. The hornet zombie barely misses you.
Found a stone staircase leading down.
The hornet zombie hits you.
There is an open door, spattered with blood here.
You barely miss the hornet zombie.
The hornet zombie is moderately damaged.
You block the hornet zombie's attack. The hornet zombie barely misses you.
You closely miss the hornet zombie.
The hornet zombie is moderately damaged.
The hornet zombie completely misses you.
You closely miss the hornet zombie.
The hornet zombie is moderately damaged.
The hornet zombie hits you.
* * * LOW HITPOINT WARNING * * *
The hornet zombie hits you!
You die...

# ##.########.#.###.# #
#.# #.......# # #.#
###.##### # ##+# #.# #
##...#* #.# ## *#..(..#
##.# .## .......## ##..#
..####,........####...####
.....+ ........Z@........#
...### ........####....<.#
..## >......## ##.#...#
.## *#.....#* ####.## ##
##...#* .# # ##+# *.# * **
,, * * **


You could see a hornet zombie.

Vanquished Creatures
  2 water moccasins (D:5)
  A phantom (D:4)
  An ogre (D:5)
  A centaur (D:5)
  A scorpion (D:4)
  A howler monkey (D:5)
  4 crimson imps
  A hound (D:5)
  An orc priest (D:3)
  3 orc wizards
  Terence (D:3)
  An iguana (D:4)
  A worker ant (D:5)
  4 gnolls (D:3)
  4 adders
  A shadow imp (D:5)
  An ooze (D:1)
  5 worms
  2 dart slugs (D:3)
  3 leopard geckos
  10 orcs
  A ball python (D:1)
  6 giant cockroaches
  6 goblins
  6 hobgoblins (D:1)
  4 jackals (D:3)
  2 quokkas
  4 bats
  4 frilled lizards
  2 goblin skeletons (D:4)
  A goblin zombie (D:4)
  A hobgoblin zombie (D:4)
  10 kobolds
  A kobold zombie (D:4)
  2 orc skeletons (D:4)
  14 rats
113 creatures vanquished.

Notes
Turn   | Place    | Note
-------+----------+-------------------------------------------
     0 | D:1      | Mrkan the Deep Dwarf Fighter began the quest for the Orb.
     0 | D:1      | Reached XP level 1. HP: 20/20 MP: 1/1
   586 | D:1      | Reached XP level 2. HP: 12/27 MP: 2/2
   929 | D:1      | Reached skill level 3 in Axes
   929 | D:1      | Reached XP level 3. HP: 32/34 MP: 2/2
  1184 | D:2      | Found a glowing silver altar of Zin.
  1750 | D:3      | Reached XP level 4. HP: 34/42 MP: 3/3
  1772 | D:3      | Found a radiant altar of Vehumet.
  1780 | D:3      | Reached skill level 4 in Axes
  1790 | D:3      | Reached XP level 5. HP: 23/49 MP: 4/4
  1868 | D:3      | Found a runed translucent gate.
  1868 | D:3      | Found a runed translucent gate.
  1868 | D:3      | Found a runed translucent gate.
  1874 | D:3      | Noticed bananovenc's ghost (amateur GrFi)
  2247 | D:3      | Found a runed translucent door.
  2253 | D:3      | Noticed Crazy Yiuf
  2383 | D:3      | Noticed Terence
  2399 | D:3      | Killed Terence
  2720 | D:4      | Found a glowing golden altar of the Shining One.
  2739 | D:4      | Reached XP level 6. HP: 41/57 MP: 4/4
  2772 | D:4      | Reached skill level 5 in Axes
  3310 | D:4      | You fall into a shaft and drop 1 floor!
  3310 | D:5      | Entered Level 5 of the Dungeon
  3315 | D:5      | Found a staircase to the Ecumenical Temple.
  3339 | D:5      | HP: 2/57 [ogre/+0 giant club (12)]
  3340 | D:5      | Reached XP level 7. HP: 3/64 MP: 5/5
  3342 | D:5      | Reached skill level 5 in Armour
  3342 | D:5      | Reached skill level 5 in Shields
  3351 | Temple   | Entered the Ecumenical Temple
  3504 | Temple   | Became a worshipper of Elyvilon the Healer
  3552 | D:5      | Reached skill level 6 in Axes
  3646 | D:5      | Reached skill level 1 in Invocations
  3919 | D:5      | Reached XP level 8. HP: 17/73 MP: 8/8
  4118 | D:5      | HP: 3/73 [hornet zombie (1)]
  4118 | D:5      | Slain by a hornet zombie

Levels and vault maps discovered:
D:1:      wander_arrival_lonely_grave, layout_basic
D:2:      layout_loops_ring, nicolae_overflow_hidden_temple
D:3:      layout_loops_cross, lemuel_doored_altar, first_ration,
          gammafunk_ghost_necromancy, uniq_crazy_yiuf_cottage, uniq_terence
D:4:      layout_gridville, nicolae_tso_besieged_by_evil
D:5:      layout_loops_corners, gammafunk_temple_overflow_statue,
          minmay_temple_entry_arrows
Temple:   dpeg_chambers_temple

Skill      XL: |  1  2  3  4  5  6  7 |
---------------+----------------------+-----
Fighting       | 3 4 |  4.6
Axes           | 3 4 5 6 |  6.8
Armour         | 4 5 |  5.0
Shields        | 4 5 |  5.5
Invocations    | 3 |  3.8

Action                   |  1- 3 |  4- 6 |  7- 9 || total
-------------------------+-------+-------+-------++-------
Melee: War axe           |   132 |   173 |    75 ||   380
 Abil: Heal Wounds       |     1 |     2 |     3 ||     6
  Eat: Chunk             |     2 |     6 |     3 ||    11
Armor: Scale mail        |    71 |    72 |    27 ||   170
Dodge: Dodged            |    59 |    47 |    25 ||   131
Block: Shield            |    89 |   119 |    34 ||   242
